 Dungeon Crawl Stone Soup version 0.28.0-45-g0d030f2227 (webtiles) character file.

Game seed: 5236402269858850102

26680 Icepheonix32 the Blocker (level 13, -3/139 HPs)
             Began as a Demonspawn Fighter on Apr 6, 2022.
             Was a High Priest of Qazlal.
             Slain by an orc knight
             ... wielding a +0 bardiche
              (40 damage)
             ... on level 1 of the Orcish Mines.
             The game lasted 00:41:22 (16458 turns).

Icepheonix32 the Blocker (Demonspawn Fighter)      Turns: 16458, Time: 00:41:24

Health: -3/139     AC: 18    Str: 20    XL:     13   Next: 0%
Magic:  19/19      EV: 17    Int:  6    God:    Qazlal [*****.]
Gold:   1688       SH: 23    Dex: 18    Spells: 14/16 levels left

rFire   + . .      SeeInvis +   t - +10 mace "Minoc" {pain, Fly rF- Int-4 SInv}
rCold   . . .      Faith    .   c - +0 buckler
rNeg    . . .      Spirit   .   v - +2 ring mail {rF+}
rPois   .          Reflect  +   R - +1 hat
rElec   .          Harm     .   o - +0 cloak
rCorr   .          Rampage  .   (no gloves)
Will    .....                   (no boots)
Stlth   ..........              p - amulet of reflection
HPRegen 0.33/turn               m - +4 ring of evasion
MPRegen 0.16/turn               W - +4 ring of slaying

@: berserking, protected from physical damage, flying, studying 2 skills, repel
missiles, very quick
A: claws 2, thin skeletal structure 2, icemail 1, spiny 1, condensation shield,
talons 1, fire resistance 1, shaggy fur 1, MP-powered wands
a: Renounce Religion, Upheaval, Elemental Force, Disaster Area


You were on level 1 of the Orcish Mines.
You worshipped Qazlal.
Qazlal was extremely pleased with you.
You visited 2 branches of the dungeon, and saw 12 of its levels.
You also visited: Sewer and Bailey.

You collected 2702 gold pieces.
You spent 1014 gold pieces at shops.

Inventory:

Hand Weapons
 f - a +6 war axe of electrocution
 t - the +10 mace "Minoc" (weapon) {pain, Fly rF- Int-4 SInv}
   (You found it on level 3 of the Dungeon)

   In the hands of one skilled in necromantic magic, it inflicts extra damage on
   living creatures.
   Int:       It affects your intelligence (-4).
   rF:        It makes you vulnerable to fire.
   SInv:      It lets you see invisible.
   Fly:       It grants you flight.
Missiles
 x - 7 poisoned darts
 O - a curare-tipped dart (quivered)
Armour
 a - a +2 ring mail of cold resistance
 c - a +0 buckler (worn)
 g - a +4 chain mail
 o - a +0 cloak (worn)
 u - a +3 leather armour of fire resistance
 v - a +2 ring mail of fire resistance (worn)
 B - a +0 troll leather armour {Pargi}
 I - a +2 scale mail of willpower
 L - a +0 pair of boots
 R - a +1 hat (worn)
Jewellery
 m - a +4 ring of evasion (left claw)
 p - an amulet of reflection (around neck)
 y - a ring of protection from fire
 T - a +4 ring of evasion
 W - a +4 ring of slaying (right claw)
Wands
 M - a wand of flame (22)
 P - a wand of iceblast (4)
Scrolls
 b - a scroll of noise {unknown}
 k - 6 scrolls of teleportation
 q - 3 scrolls of fear
 r - 2 scrolls of immolation
 w - 2 scrolls of fog
 C - 2 scrolls of vulnerability {unknown}
 D - a scroll of silence {unknown}
 F - 2 scrolls of enchant armour
 S - a scroll of holy word {unknown}
 V - a scroll of magic mapping
Potions
 e - 4 potions of resistance
 i - a potion of berserk rage
 j - 2 potions of attraction {unknown}
 l - 3 potions of mutation
 s - a potion of invisibility
 z - a potion of lignification {unknown}
 E - a potion of curing {unknown}
 G - 2 potions of heal wounds {unknown}
 H - a potion of magic
 J - a potion of cancellation {unknown}
 K - a potion of flight {unknown}


   Skills:
 + Level 6.2 Fighting
 - Level 1.7 Long Blades
 - Level 2.0(6.2) Axes
 + Level 9.4(9.5) Maces & Flails
 + Level 0.8 Throwing
 + Level 5.6 Armour
 + Level 4.3 Dodging
 + Level 5.0 Stealth
 * Level 13.6 Shields
 + Level 2.4 Spellcasting
 + Level 8.0 Necromancy
 - Level 2.0 Transmutations
 * Level 9.0 Invocations
 + Level 2.5 Evocations


You had 14 spell levels left.
You knew the following spells:

 Your Spells              Type           Power      Damage    Failure   Level
a - Wereblood             Tmut           3%         N/A       43%         2

Your spell library contained the following spells:

 Spells                   Type           Power      Damage    Failure   Level
 Sublimation of Blood     Necr           10%        N/A       4%          2
 Sting                    Tmut/Pois      4%         1d3       43%         1
 Poisonous Vapours        Pois/Air       0%         N/A       73%         2
 Olgreb's Toxic Radiance  Pois           0%         N/A       100%        4
 Summon Hydra             Summ           0%         N/A       100%        7


Dungeon Overview and Level Annotations

Branches:
Dungeon (10/15)            Temple (0/1) D:7            Lair (0/6) D:10
    Orc (2/2) D:9             Elf (0/3) Orc:2         Sewer (visited)
 Bailey (visited)

Altars:
Cheibriados
Elyvilon
Fedhas
Hepliaklqana
Kikubaaqudgha
Makhleb
Nemelex Xobeh
Qazlal
Trog
Vehumet
Xom
Yredelemnul
The Shining One

Shops:
D:2 =   D:7 (=   D:9 ([


Innate Abilities, Weirdness & Mutations

You have very sharp fingernails.
You have a moderately thin skeletal structure. (Dex +4, Stealth++)
A meltable icy envelope protects you from harm. (AC +4)
You are partially covered in sharp spines.
A meltable shield of frost defends you. (SH +4)
You have sharp toenails.
Your flesh is heat resistant. (rF+)
You are covered in fur. (AC +1)
You expend magic power (3 MP) to strengthen your wands.


Message History

You block the orc knight's attack.
You fly upwards.
There is a stone staircase leading down here.
You sock the orc knight!
You claw the orc knight, but do no damage.
The orc knight is heavily wounded.
The orc knight is struck by your spines.
The orc knight hits you with a +0 bardiche!
You feel protected from physical attacks.
The orc knight is engulfed in blazing flames.
The orc knight roars a battlecry!
The orc knight goes into a battle-frenzy!
Unknown command.
You thump the orc knight!
The orc knight writhes in agony.
The orc knight is severely wounded.
You block the orc knight's attack.
The orc knight is engulfed in blazing flames.
You block the orc knight's attack.
Unknown command.
You bludgeon the orc knight!!
You kill the orc knight!
Qazlal accepts your kill.
The orc knight is struck by your spines.
The orc knight hits you with a +0 bardiche!!!
Ouch! That really hurt!
* * * LOW HITPOINT WARNING * * *
You feel more protected from physical attacks.
Your Invocations skill increases to level 9!
You have reached level 13!
A red film seems to cover your vision as you go berserk!
You feel yourself moving faster!
You feel mighty! You block the orc knight's attack.
You bludgeon the orc knight!!
The orc knight writhes in agony.
Your kick misses the orc knight.
The orc knight is heavily wounded.
You sock the orc knight!
The orc knight writhes in agony.
You claw the orc knight!
The orc knight is almost dead.
The orc knight hits you with a +0 bardiche!!!
You die...

..###..........#.##
.......###....#...#
........##........#
........#........##
.......#.........#
...............###
#.............####
............####o##
...#.......#.##.@.#####
#.#....)...#####○§##..##
####.#)[..######..°....###
###<[[..##.###........#
###..)[....#.#.#........######
##.#...#.#.................#..##
#.....####.....................#
.......####........#.#........##
.#......##.........##........##


You could see an orc knight (strong).

Vanquished Creatures
  Josephine (Orc:2)
  A boulder beetle (D:7)
  A centaur warrior (D:10)
  A death knight (D:7)
  A tengu warrior (D:8)
  A two-headed ogre (D:7)
  2 orc high priests
  9 orc knights
  A deep elf pyromancer (D:8)
  A cyclops (D:6)
  An orc sorcerer (Bailey)
  A kobold demonologist (Bailey)
  5 trolls
  Prince Ribbit (D:5)
  A hornet (D:7)
  5 wraiths
  16 yaks
  Eustachio (D:5)
  2 steam dragons
  Menkaure (D:5)
  Edmund (D:6)
  8 wargs
  Duvessa (D:6)
  30 orc warriors
  A water moccasin (D:8)
  Pargi (Sewer)
  3 black bears
  4 sky beasts
  4 necrophages
  12 ogres
  3 centaurs
  2 phantoms (D:5)
  3 kobold brigands
  2 wyvern zombies (D:5)
  6 bullfrogs
  4 scorpions
  3 water moccasin zombies (D:5)
  Dowan (D:6)
  17 killer bees
  2 howler monkeys
  10 wights
  8 electric eels (Bailey)
  2 bullfrog zombies (D:5)
  A hound (D:7)
  2 centaur zombies
  A human zombie (D:5)
  A bullfrog skeleton (D:7)
  A centaur skeleton (D:7)
  2 jellies (D:7)
  23 orc priests
  4 iguanas
  A gnoll shaman (D:5)
  20 orc wizards
  A scorpion zombie (D:5)
  A killer bee zombie (D:8)
  2 mummies (D:5)
  25 gnolls
  A howler monkey zombie (D:7)
  5 adders
  2 howler monkey skeletons
  2 shadow imps (D:6)
  2 white imps
  2 adder zombies (D:5)
  2 worms (D:5)
  4 dart slugs
  78 orcs
  5 bats
  9 endoplasms
  4 giant cockroaches
  6 goblins
  16 hobgoblins
  44 kobolds
  6 quokkas
  4 ball pythons
  12 frilled lizards
  12 rats
482 creatures vanquished.

Vanquished Creatures (collateral kills)
  A wraith (Orc:2)
1 creature vanquished.

Vanquished Creatures (others)
  13 plants
13 creatures vanquished.

Grand Total: 496 creatures vanquished

Notes
Turn   | Place    | Note
-------+----------+-------------------------------------------
     0 | D:1      | Icepheonix32 the Demonspawn Fighter began the quest for the
                  | Orb.
     0 | D:1      | Reached XP level 1. HP: 18/18 MP: 1/1
   143 | D:1      | Found a faded altar of an unknown god.
   217 | D:1      | You fall into a shaft and drop 1 floor!
   225 | D:2      | Gained mutation: A meltable shield of frost defends you.
                  | (SH +4) [demonic ancestry]
   225 | D:2      | Reached XP level 2. HP: 19/24 MP: 2/2
   323 | D:1      | Reached skill level 3 in Shields
   637 | D:1      | Gained mutation: You have a somewhat thin skeletal
                  | structure. (Dex +2, Stealth+) [demonic ancestry]
   637 | D:1      | Reached XP level 3. HP: 29/29 MP: 3/3
   850 | D:2      | Reached skill level 1 in Axes
   987 | D:2      | Found Qump's Jewellery Emporium.
  1189 | D:2      | Noticed a scorpion
  1197 | D:2      | Killed a scorpion
  1198 | D:2      | Reached XP level 4. HP: 35/35 MP: 4/4
  1520 | D:3      | Identified the +10 mace "Minoc" {pain, Fly rF- Int-4 SInv}
  1616 | D:3      | Found a snail-covered altar of Cheibriados.
  1838 | D:3      | Found a basalt altar of Yredelemnul.
  1900 | D:3      | Noticed a necrophage
  1905 | D:3      | Killed a necrophage
  1906 | D:3      | Reached skill level 1 in Stealth
  1906 | D:3      | Reached skill level 4 in Shields
  1906 | D:3      | Gained mutation: A meltable icy envelope protects you from
                  | harm. (AC +4) [demonic ancestry]
  1906 | D:3      | Reached XP level 5. HP: 39/41 MP: 5/5
  1996 | D:4      | Noticed a necrophage
  2008 | D:4      | Killed a necrophage
  2009 | D:4      | Reached skill level 1 in Maces & Flails
  2009 | D:4      | Reached XP level 6. HP: 42/47 MP: 6/6
  2125 | D:4      | Reached skill level 1 in Dodging
  2750 | D:4      | Gained mutation: You are partially covered in sharp spines.
                  | [demonic ancestry]
  2750 | D:4      | Reached XP level 7. HP: 51/53 MP: 7/7
  2860 | D:4      | Reached skill level 5 in Shields
  3222 | D:4      | Reached skill level 1 in Evocations
  3404 | D:5      | Entered Level 5 of the Dungeon
  3412 | D:5      | Gained mutation: You have sharp toenails. [potion of
                  | mutation]
  3412 | D:5      | Gained mutation: You have hidden genetic potential. [potion
                  | of mutation]
  3412 | D:5      | Gained mutation: You expend magic power (3 MP) to
                  | strengthen your wands. [potion of mutation]
  3482 | D:5      | Learned a level 2 spell: Wereblood
  3608 | D:5      | Noticed Eustachio
  3617 | D:5      | Killed Eustachio
  3618 | D:5      | Gained mutation: You have a moderately thin skeletal
                  | structure. (Dex +4, Stealth++) [demonic ancestry]
  3618 | D:5      | Reached XP level 8. HP: 58/60 MP: 8/8
  3631 | D:5      | Noticed Menkaure
  3639 | D:5      | Killed Menkaure
  3640 | D:5      | Reached skill level 1 in Necromancy
  3640 | D:5      | Reached skill level 1 in Transmutations
  3672 | D:5      | Noticed Prince Ribbit
  3679 | D:5      | Gained mutation: You are covered in fur. (AC +1) [hidden
                  | potential]
  3693 | D:5      | Killed Prince Ribbit
  3694 | D:5      | Reached skill level 6 in Shields
  3749 | D:5      | Found a bloodstained altar of Trog.
  3804 | D:5      | Found a glowing drain.
  3808 | Sewer    | Entered a sewer
  3900 | Sewer    | Noticed Pargi
  3905 | Sewer    | Killed Pargi
  4235 | D:5      | Found an ancient bone altar of Kikubaaqudgha.
  4287 | D:5      | Gained mutation: You have sharp fingernails. [demonic
                  | ancestry]
  4287 | D:5      | Reached XP level 9. HP: 57/66 MP: 9/9
  4385 | D:5      | Found a radiant altar of Vehumet.
  4790 | D:5      | Found a burning altar of Makhleb.
  4790 | D:5      | Noticed a balrug
  5032 | D:6      | Found a stormy altar of Qazlal.
  5041 | D:6      | Reached skill level 5 in Maces & Flails
  5046 | D:6      | Became a worshipper of Qazlal Stormbringer
  5056 | D:6      | Gained mutation: Your flesh is heat resistant. (rF+)
                  | [hidden potential]
  5056 | D:6      | Lost mutation: You have hidden genetic potential. [hidden
                  | potential expressed]
  5325 | D:6      | Reached skill level 1 in Invocations
  5541 | D:6      | Noticed a cyclops
  5549 | D:6      | Killed a cyclops
  5550 | D:6      | Reached skill level 7 in Shields
  5608 | D:6      | Noticed Dowan
  5609 | D:6      | Noticed Duvessa
  5616 | D:6      | Killed Duvessa
  5618 | D:6      | Killed Dowan
  5797 | D:6      | Reached * piety under Qazlal
  6259 | D:6      | Noticed Edmund
  6270 | D:6      | Killed Edmund
  6446 | D:7      | Reached XP level 10. HP: 73/73 MP: 12/12
  6448 | D:7      | Noticed a death knight
  6464 | D:7      | Killed a death knight
  6465 | D:7      | Reached skill level 5 in Fighting
  6465 | D:7      | Reached skill level 8 in Shields
  6549 | D:7      | Noticed a boulder beetle
  6595 | D:7      | Killed a boulder beetle
  6879 | D:7      | Found a staircase to the Ecumenical Temple.
  6919 | D:7      | Reached ** piety under Qazlal
  7099 | D:7      | Noticed a two-headed ogre
  7106 | D:7      | Killed a two-headed ogre
  7107 | D:7      | Reached skill level 5 in Invocations
  7253 | D:7      | Reached skill level 5 in Necromancy
  7348 | D:7      | Found Pass's Weapon Boutique.
  7571 | D:7      | Found Jeppe's Jewellery Emporium.
  7736 | D:8      | Found a flagged portal.
  7744 | Bailey   | Entered a bailey
  8325 | Bailey   | Gained mutation: You have very sharp fingernails. [demonic
                  | ancestry]
  8325 | Bailey   | Reached XP level 11. HP: 69/80 MP: 14/14
  8340 | Bailey   | Reached skill level 9 in Shields
  8346 | Bailey   | Noticed an orc knight
  8368 | Bailey   | Killed an orc knight
  8824 | Bailey   | Reached *** piety under Qazlal
  8853 | Bailey   | Noticed an orc knight
  8880 | Bailey   | Killed an orc knight
  9089 | Bailey   | Found an iron altar of Okawaru.
  9089 | Bailey   | Noticed an orc sorcerer
  9089 | Bailey   | Noticed an orc knight
  9098 | Bailey   | Noticed a soul eater
  9196 | Bailey   | Killed an orc sorcerer
  9197 | Bailey   | Reached skill level 5 in Armour
  9424 | Bailey   | Killed an orc knight
  9425 | Bailey   | Reached skill level 1 in Spellcasting
  9650 | Bailey   | Acquired 951 gold pieces
  9652 | Bailey   | Acquired a manual of Shields
  9705 | D:8      | Found a hazy altar of Hepliaklqana.
  9735 | D:8      | Found a blossoming altar of Fedhas.
  9779 | D:8      | Noticed a tengu warrior
  9792 | D:8      | Killed a tengu warrior
  9806 | D:8      | Noticed a deep elf pyromancer
  9818 | D:8      | Killed a deep elf pyromancer
 10012 | D:8      | Reached skill level 5 in Stealth
 10772 | D:9      | Reached **** piety under Qazlal
 10886 | D:9      | Reached skill level 10 in Shields
 10913 | D:9      | Found a staircase to the Orcish Mines.
 10913 | D:9      | Found Saicaqia's Armour Shoppe.
 10914 | D:9      | Found Rexu's Weapon Shoppe.
 11775 | D:10     | Entered Level 10 of the Dungeon
 11997 | D:10     | Found a staircase to the Lair.
 12166 | D:10     | Found a sparkling altar of Nemelex Xobeh.
 12177 | D:10     | Reached XP level 12. HP: 87/87 MP: 17/17
 12363 | D:10     | Noticed a centaur warrior
 12369 | D:10     | Killed a centaur warrior
 12614 | D:10     | Found a shimmering altar of Xom.
 12944 | D:2      | Bought a +4 ring of slaying for 1014 gold pieces
 13106 | Orc:1    | Entered Level 1 of the Orcish Mines
 13111 | Orc:1    | Reached skill level 11 in Shields
 13271 | D:9      | Reached ***** piety under Qazlal
 13650 | Orc:1    | Noticed an orc high priest
 13657 | Orc:1    | Killed an orc high priest
 13658 | Orc:1    | Reached skill level 12 in Shields
 14164 | Orc:2    | Entered Level 2 of the Orcish Mines
 14284 | Orc:2    | Found a staircase to the Elven Halls.
 14314 | Orc:2    | Noticed Josephine
 14323 | Orc:2    | Killed Josephine
 14860 | Orc:2    | Reached skill level 13 in Shields
 16021 | Orc:2    | Noticed an orc high priest
 16035 | Orc:2    | Killed an orc high priest
 16456 | Orc:1    | Reached XP level 13. HP: 24/93 MP: 19/19
 16458 | Orc:1    | Slain by an orc knight

Illustrated notes

Levels and vault maps discovered:
D:1:      lemuel_arrival_muddy, layout_rooms,
          hellmonk_ecumenical_altar_lost_god, chequers_serial_rivers_large_a,
          hangedman_decor_points, minmay_cut_off
D:2:      layout_loops_ring, serial_shops, shop, minmay_ruptured
D:3:      layout_basic, kennysheep_ying_yang, marbit_many_paths
D:4:      minmay_goblin_kobold_castle, layout_cave_pools
D:5:      layout_basic, lemuel_mausoleum_altar_kikubaaqudgha,
          lemuel_round_altar, makhleb_altar_promises_db,
          mainiacjoe_overflow_paths, gup_sewer_entry_spiral, uniq_eustachio,
          uniq_prince_ribbit1, uniq_menkaure
D:6:      layout_basic, nicolae_qazlal_scattered_showers, minmay_lizard_king,
          uniq_duvessa, uniq_edmund
D:7:      cheibrodos_fzero, layout_rooms, minmay_temple_entry_antechambers,
          serial_shops, nicolae_take_the_stairs, serial_bayou_pond_c,
          minmay_shop_grid_forest
D:8:      layout_loops_ring, tso_altar, lemuel_coloured_pillars_altar,
          fedhas_ov_isle_minmay, enter_bailey_2, minivault_26,
          minmay_manual_monstrance
D:9:      layout_basic, orc_david_3
D:10:     layout_roguey, nicolae_overflow_hidden_temple,
          mainiacjoe_overflow_catwalk, erik_lair_orcish_takeover,
          chequers_mini_garden, nicolae_elevator_lobby_plus
Orc:1:    layout_diamond_mine, nicolae_orc_sculptors_studio,
          nicolae_orc_pool_cavern, nicolae_orc_rockfall
Orc:2:    st_orc_pillars, layout_diamond_mine, uniq_josephine

Skill      XL: |  1  2  3  4  5  6  7  8  9 10 11 12 |
---------------+-------------------------------------+-----
Armour         | 3 4 5 |  5.6
Shields        | 3 4 5 6 7 8 10 13 | 13.6
Axes           | 1 2 |  2.0
Stealth        | 1 2 3 4 5 |  5.0
Maces & Flails | 1 3 4 6 7 8 9 |  9.4
Dodging        | 1 2 3 4 |  4.3
Evocations     | 1 2 |  2.5
Fighting       | 4 5 6 |  6.2
Necromancy     | 2 4 5 6 8 |  8.0
Transmutations | 2 |  2.0
Invocations    | 3 5 7 9 |  9.0
Spellcasting   | 2 |  2.4
Long Blades    | |  1.7
Throwing       | |  0.8

Action                   |  1- 3 |  4- 6 |  7- 9 | 10-12 | 13-15 || total
-------------------------+-------+-------+-------+-------+-------++-------
Melee: War axe           |    47 |     8 |       |       |       ||    55
       Mace              |       |    48 |   258 |   654 |     2 ||   962
       Kick              |       |       |    58 |   199 |     1 ||   258
Throw: Throwing net      |       |       |     1 |     2 |       ||     3
       Dart              |       |       |     1 |    10 |       ||    11
 Cast: Wereblood         |       |       |       |     1 |       ||     1
Invok: Upheaval          |       |       |       |     5 |       ||     5
       Elemental Force   |       |       |       |     1 |       ||     1
Evoke: Wand              |       |     7 |     8 |    19 |       ||    34
  Use: Scroll            |       |       |     8 |     8 |       ||    16
       Potion            |       |       |     2 |     4 |     1 ||     7
 Stab: Sleeping          |       |     7 |    26 |       |       ||    33
       Distracted        |       |     1 |     1 |       |       ||     2
       Paralysed         |       |       |       |     4 |       ||     4
       Held in net/web   |       |       |       |     1 |       ||     1
Armor: Scale mail        |     7 |       |    16 |    24 |       ||    47
       Leather armour    |     6 |    12 |    62 |       |       ||    80
       Ring mail         |       |       |       |    58 |       ||    58
Dodge: Dodged            |    12 |    16 |    90 |   143 |       ||   261
Block: Buckler           |    23 |    35 |   194 |   614 |     1 ||   867
       Reflection        |       |     3 |     3 |    24 |       ||    30
